 Dungeon Crawl Stone Soup version 0.30-a0-719-gcc4359ea44 (webtiles) character file.

Game seed: 6273565439835358420

1717 Arximoufas the Destroyer (level 8, -11/43 (52) HPs)
             Began as a Demonspawn Fire Elementalist on Jan 26, 2023.
             Was an Initiate of Vehumet.
             Mangled by a wight
             ... wielding a +2 halberd
              (13 damage)
             ... on level 6 of the Dungeon.
             The game lasted 00:24:13 (10888 turns).

Arximoufas the Destroyer (DsFE)                    Turns: 10888, Time: 00:24:14

HP:   -11/43 (52)   AC:  4    Str:  9    XL:     8   Next: 74%
MP:   18/23         EV: 12    Int: 18    God:    Vehumet [......]
Gold: 353           SH:  0    Dex: 14    Spells: 14/15 levels left

rFire   + . .      SeeInvis .    (no weapon)
rCold   x . .      Faith    .    (no shield)
rNeg    . . .      Spirit   .    a - +0 robe
rPois   .          Reflect  .    (no helmet)
rElec   .          Harm     .    f - +0 cloak
rCorr   .          Rampage  .    o - +0 pair of gloves
Will    .....                    (no boots)
Stlth   ++                       (no amulet)
HPRegen 0.27/turn                q - ring of fire
MPRegen 0.18/turn                p - ring of magical power

@: heavily drained
A: foul stench 1, demonic magic 1
a: Renounce Religion


You were on level 6 of the Dungeon.
You worshipped Vehumet.
Vehumet was noncommittal.
You visited 2 branches of the dungeon, and saw 7 of its levels.

You collected 353 gold pieces.

Inventory:

Armour
 a - a +0 robe (worn)
 c - a +0 buckler
 f - a +0 cloak (worn)
 o - a +0 pair of gloves (worn)
Jewellery
 j - a ring of poison resistance
 p - a ring of magical power (right hand)
 q - a ring of fire (left hand)
 u - a ring of fire
Scrolls
 b - a scroll of magic mapping
 l - a scroll of immolation
 m - 2 scrolls of teleportation
 s - a scroll of blinking
 v - a scroll of identify
Potions
 d - 2 potions of brilliance
 e - 6 potions of curing
 g - a potion of invisibility {unknown}
 h - 3 potions of ambrosia {unknown}
 i - 2 potions of lignification {unknown}
 k - a potion of flight {unknown}
 n - a potion of magic
 r - 2 potions of might {unknown}
 t - a potion of heal wounds {unknown}


   Skills:
 - Level 1.7 Dodging
 - Level 1.7 Stealth
 + Level 4.1 Spellcasting
 + Level 8.3 Conjurations
 + Level 6.5 Fire Magic


You had 14 spell levels left.
You knew the following spells:

 Your Spells              Type           Power      Damage    Failure   Level
a - Foxfire               Conj/Fire      100%       2x1d9     1%          1

Your spell library contained the following spells:

 Spells                   Type           Power      Damage    Failure   Level
 Scorch                   Fire           80%        2d9       1%          2
 Flame Wave               Conj/Fire      45%        2d12      7%          4
 Stone Arrow              Conj/Erth      36%        3d9       8%          3
 Inner Flame              Hex/Fire       23%        N/A       12%         3
 Kindle Blastsparks       Fire/Tloc/Air  34%        2d12      19%         3
 Fireball                 Conj/Fire      22%        3d10      19%         5
 Starburst                Conj/Fire      22%        6d8       71%         6
 Animate Armour           Summ/Erth      6%         N/A       82%         4
 Lehudib's Crystal Spear  Conj/Erth      9%         10d4      100%        8


Dungeon Overview and Level Annotations

Branches:
Dungeon (6/15)             Temple (1/1) D:5

Altars:
Ashenzari
Cheibriados
Dithmenos
Fedhas
Gozag
Hepliaklqana
Kikubaaqudgha
Nemelex Xobeh
Okawaru
Qazlal
Ru
Sif Muna
Trog
Uskayaw
Vehumet
Xom
Yredelemnul

Annotations:
D:6 2 transporters, Bnni's ghost, novice FoHs


Innate Abilities, Weirdness & Mutations

You may rarely emit foul miasma when damaged in melee.
Spells you cast may paralyse adjacent enemies.


Message History

Casting: Foxfire (safe; 1% risk of failure)
Press: ? - help, Q - select action Dir - look around, f - activate You feel a surge of power!
You conjure some foxfire!
Malevolent energies surge around you.
The wight hits you from afar with a +0 trident!
You feel drained. The wight attacks as you move away!
The wight barely misses you. The wight barely misses your foxfire.
The foxfire hits the wight.
The wight is lightly damaged.
The foxfire hits the wight.
The wight is moderately damaged.
Found a stone staircase leading up.
Casting: Foxfire (safe; 1% risk of failure)
Press: ? - help, Q - select action Dir - look around, f - activate You feel a surge of power!
You conjure some foxfire!
Malevolent energies surge around you.
The wight hits you from afar with a +2 halberd!
You feel drained. The wight closely misses you.
The wight hits your foxfire with a +4 battleaxe.
The wight misses you.
Your foxfire dissipates!
The wight attacks as you move away! The wight hits you with a +4 battleaxe!
You feel drained.
The wight hits your foxfire with a +4 battleaxe!
The foxfire hits the wight but does no damage.
The wight is moderately damaged.
The wight hits you from afar with a +2 halberd!
* * * LOW HITPOINT WARNING * * *
You feel drained.
The wight hits you from afar with a +0 trident.
* * * LOW HITPOINT WARNING * * *
You feel drained.
Casting: Foxfire (safe; 1% risk of failure)
Press: ? - help, Q - select action Dir - look around, f - activate You feel a surge of power!
You conjure some foxfire!
Malevolent energies surge around you. The wight closely misses you.
The wight hits your foxfire with a +4 battleaxe.
The wight hits you from afar with a +2 halberd!
You die...

... <.. ... #.#
##.# #...## #..#
.....# #.v##
.....# #.@v###
#z..... ##.z.zz##
..z....
##..#.z..##.z.....
#...##....#.......
#.....##..........
#.....###........#
#....## ###......#
#..### ...♣♣♣#
#..# ...P~


You could see 4 wights.

Vanquished Creatures
  Pikel (D:4)
  Grinder (D:5)
  2 ogres (D:5)
  A lemure (D:5)
  A phantom (D:5)
  Blork the orc (D:4)
  4 scorpions
  2 electric eels (D:6)
  2 hounds
  A gnoll bouda (D:5)
  3 iguanas
  An orc wizard (D:3)
  5 adders
  8 gnolls
  2 worms
  4 dart slugs
  4 orcs
  7 endoplasms
  4 giant cockroaches
  9 hobgoblins
  4 jackals (D:3)
  5 kobolds
  4 quokkas
  17 ball pythons
  10 bats
  7 frilled lizards
  7 goblins
  6 rats
123 creatures vanquished.

Vanquished Creatures (others)
  471 foxfires
  26 plants
497 creatures vanquished.

Grand Total: 620 creatures vanquished

Notes
Turn   | Place    | Note
-------+----------+-------------------------------------------
     0 | D:1      | Arximoufas the Demonspawn Fire Elementalist began the quest
                  | for the Orb.
     0 | D:1      | Reached XP level 1. HP: 13/13 MP: 3/3
   437 | D:1      | Gained mutation: You may rarely emit foul miasma when
                  | damaged in melee. [demonic ancestry]
   437 | D:1      | Reached XP level 2. HP: 19/19 MP: 0/5
  1568 | D:1      | Gained mutation: Spells you cast may paralyse adjacent
                  | enemies. [demonic ancestry]
  1568 | D:1      | Reached XP level 3. HP: 24/24 MP: 3/6
  2342 | D:2      | Reached skill level 2 in Conjurations
  3628 | D:2      | Reached XP level 4. HP: 30/30 MP: 4/8
  5134 | D:3      | Reached skill level 3 in Conjurations
  5141 | D:3      | Reached XP level 5. HP: 25/35 MP: 0/9
  5413 | D:3      | Found a hide-covered altar of Uskayaw.
  5413 | D:3      | Found a faded altar of an unknown god.
  5481 | D:3      | Found a hazy altar of Hepliaklqana.
  5552 | D:3      | Found a blossoming altar of Fedhas.
  5553 | D:3      | Found a faded altar of an unknown god.
  6912 | D:4      | Reached skill level 4 in Conjurations
  7651 | D:4      | Noticed Blork the orc
  7665 | D:4      | Killed Blork the orc
  7666 | D:4      | Reached XP level 6. HP: 18/41 MP: 10/10
  7896 | D:5      | Entered Level 5 of the Dungeon
  7975 | D:5      | Noticed Pikel
  8439 | D:4      | Killed Pikel
  8440 | D:4      | Reached skill level 6 in Conjurations
  8440 | D:4      | Reached skill level 5 in Fire Magic
  8440 | D:4      | Reached XP level 7. HP: 36/46 MP: 4/11
  8762 | D:5      | Found a sparkling altar of Nemelex Xobeh.
  8780 | D:5      | Reached skill level 7 in Conjurations
  8780 | D:5      | Reached XP level 8. HP: 52/52 MP: 12/12
  8876 | D:5      | Noticed Grinder
  8887 | D:5      | Paralysed by Grinder for 4 turns
  8902 | D:5      | Killed Grinder
  9341 | D:5      | Reached skill level 8 in Conjurations
  9754 | D:5      | Found a staircase to the Ecumenical Temple.
  9764 | Temple   | Entered the Ecumenical Temple
  9779 | Temple   | Became a worshipper of Vehumet
  9891 | D:5      | Found a basalt altar of Yredelemnul.
 10504 | D:6      | Found a transporter.
 10506 | D:6      | Noticed Bnni's ghost (novice FoHs)
 10541 | D:6      | Found a transporter.
 10887 | D:6      | HP: 2/44 [wight/+0 trident (4)]
 10888 | D:6      | Mangled by a wight

Illustrated notes

Levels and vault maps discovered:
D:1:      lightli_arrival_noodles, layout_rooms, serial_curves, eino_curves_02,
          eino_curves_02
D:2:      cheibrodos_helix_gallery, layout_basic, minmay_split_cup_large
D:3:      layout_loops_ring, chequers_temple_overflow_minitemple,
          minmay_misc_feat_diagonals, lemuel_flame_loot_1
D:4:      layout_gridville, corner_web_ring, saegor_snake_ambush,
          uniq_blork_the_orc
D:5:      layout_loops_ring, kennysheep_ying_yang, nemelex_dance_club_becter,
          temple_hall, corexii_shack, uniq_grinder, uniq_pikel
D:6:      layout_cave_pods, nzn_wu_jian_contemplation, serial_bayou,
          serial_bayou_lake_a, serial_bayou_shore_b, serial_bayou_pond_e,
          serial_bayou_pond_a, gammafunk_ghost_stat_death, uniq_eustachio
Temple:   zaba_magenta_temple

Skill      XL: |  1  2  3  4  5  6  7  8 |
---------------+-------------------------+-----
Fire Magic     | 3 4 5 6 |  6.5
Conjurations   | 2 3 4 6 7 8 |  8.3
Spellcasting   | 3 4 |  4.1
Dodging        | |  1.7
Stealth        | |  1.7

Action                     |  1- 3 |  4- 6 |  7- 9 || total
---------------------------+-------+-------+-------++-------
  Melee: Unarmed           |     4 |       |       ||     4
   Cast: Foxfire           |   101 |   156 |    95 ||   352
    Use: Potion            |       |     1 |       ||     1
         Scroll            |       |     7 |       ||     7
 Armour: Robe              |     5 |     4 |     2 ||    11
  Dodge: Dodged            |    35 |    39 |    23 ||    97

Table legend: (Time is in decaauts)
 A = Elapsed time spent in this place.
 B = Non-inter-level travel time spent in this place.
 C = Inter-level travel time spent in this place.
 D = Time resting spent in this place.
 E = Time spent auto-exploring this place.
 F = Levels seen in this place.
 G = Mean time per level.
                   A        B        C        D        E       F      G
               +--------+--------+--------+--------+--------+-----+--------+
         Total |  10924 |  10416 |    508 |   5343 |   3635 |   7 | 1560.6 |
       Dungeon |  10846 |  10356 |    490 |   5343 |   3588 |   6 | 1807.7 |
        Temple |     77 |     59 |     18 |      0 |     47 |   1 |   77.0 |
               +--------+--------+--------+--------+--------+-----+--------+

Top non-repeatable levels by time:
     D:4: 2271 daAuts
     D:2: 2173 daAuts
     D:1: 2142 daAuts
     D:5: 1678 daAuts
     D:3: 1644 daAuts
     D:6: 936 daAuts
  Temple: 77 daAuts
